 Dungeon Crawl Stone Soup version 0.27.1-35-g4d5d836560 (webtiles) character file.

Game seed: 609963760474221109

18 croobank the Skirmisher (level 2, 0/24 HPs)
             Began as a Demonspawn Abyssal Knight on June 20, 2022.
             Was a Follower of Lugonu.
             Slain by Terence (2 damage)
             ... on level 2 of the Dungeon.
             The game lasted 00:03:32 (969 turns).

croobank the Skirmisher (Demonspawn Abyssal Knight)  Turns: 969, Time: 00:03:33

Health: 0/24       AC:  3    Str: 12    XL:     2   Next: 48%
Magic:  3/3        EV: 11    Int: 13    God:    Lugonu [*.....]
Gold:   16         SH:  0    Dex: 12    Spells: 1/1 levels left

rFire    . . .     SeeInvis .   a - +1 hand axe
rCold    . . .     Faith    .   (no shield)
rNeg     . . .     Spirit   .   b - +0 leather armour
rPois    .         Reflect  .   (no helmet)
rElec    .         Harm     .   (no cloak)
rCorr    .         Rampage  .   (no gloves)
Will     .....                  (no boots)
Stlth    ..........             (no amulet)
HPRegen  0.08/turn              (no ring)
MPRegen  0.16/turn              (no ring)

@: silenced
A: magic regeneration
a: Renounce Religion


You were on level 2 of the Dungeon.
You worshipped Lugonu.
Lugonu was aware of your devotion.
You visited 1 branch of the dungeon, and saw 2 of its levels.
You visited the Abyss 1 time.

You collected 16 gold pieces.

Inventory:

Hand Weapons
 a - a +1 hand axe (weapon)
 f - a +0 whip
Missiles
 d - 22 bolts
 e - 21 stones
Armour
 b - a +0 leather armour (worn)
Scrolls
 g - a scroll of identify


   Skills:
 + Level 3.2 Fighting
 + Level 2.3 Axes
 + Level 1.9 Armour
 + Level 1.1 Dodging
 + Level 2.4 Invocations


You had one spell level left.
You didn't know any spells.
Your spell library was empty.

Dungeon Overview and Level Annotations

Branches:
Dungeon (1/15)

Altars:

Annotations:
D:2 Terence


Innate Abilities, Weirdness & Mutations

You regenerate magic rapidly.


Message History

You see here a kobold corpse.
Found a scroll of identify.
g - a scroll of identify A kobold comes into view.
It is wielding a +0 short sword of speed.
You aren't carrying any potions.
A kobold is nearby!
The kobold shouts!
Terence the Incautious comes into view.
He is wielding a +2 flail of protection.
Terence shouts!
You hit the kobold.
You kill the kobold!
Lugonu accepts your kill.
You hit Terence but do no damage.
Terence hits you with a +2 flail of protection!
You hit Terence.
Terence is moderately wounded.
Terence hits you with a +2 flail of protection.
You are too injured to fight recklessly!
You are too injured to fight recklessly!
You are too injured to fight recklessly!
As you read the scroll labelled ZYCHUF LOOHOT, it crumbles to dust.
A profound silence engulfs you.
It was a scroll of silence.
Terence hits you with a +2 flail of protection.
You hit Terence but do no damage.
Terence is moderately wounded.
Terence hits you with a +2 flail of protection!
* * * LOW HITPOINT WARNING * * *
You hit Terence but do no damage.
Terence is moderately wounded.
Terence misses you. Terence completely misses you.
You hit Terence but do no damage.
Terence is moderately wounded.
Terence barely misses you.
You closely miss Terence.
Terence is moderately wounded.
Terence closely misses you. Terence closely misses you.
A worm comes into view.
Terence hits you with a +2 flail of protection.
You die...

...#####.# ...#...
####.#.#####
####..........#
......).....#.##
####.###.##....########
......##..#........#
##........######.#
.###@.#.## #.# ..
#.@..# #.# ##. #..###
#.# ##...#w# #.#
##.##.# #.# ... ..#
##.# ### ### #..# #.##
#.#


You could see Terence and a worm.

Vanquished Creatures
  A worm (D:2)
  A dart slug (D:1)
  A bat (D:1)
  2 endoplasms
  A hobgoblin (D:1)
  2 jackals (D:1)
  3 kobolds
11 creatures vanquished.

Notes
Turn   | Place    | Note
-------+----------+-------------------------------------------
     0 | Abyss:1  | croobank the Demonspawn Abyssal Knight began the quest for
                  | the Orb.
     0 | Abyss:1  | Reached XP level 1. HP: 18/18 MP: 2/2
    17 | Abyss:1  | Found a corrupted altar of Lugonu.
    54 | D:1      | Escaped the Abyss
   242 | D:1      | Reached skill level 1 in Dodging
   359 | D:1      | Gained mutation: You regenerate magic rapidly. [demonic
                  | ancestry]
   359 | D:1      | Reached XP level 2. HP: 15/24 MP: 3/3
   718 | D:1      | You fall into a shaft and drop 1 floor!
   945 | D:2      | Noticed Terence
   951 | D:2      | HP: 1/24 [Terence (9)]
   969 | D:2      | Slain by Terence

Illustrated notes

Levels and vault maps discovered:
D:1:      kennysheep_arrival_forest, layout_loops_corners
D:2:      layout_loops_ring, basic_altar, uniq_terence

Skill      XL: |  1 |
---------------+----+-----
Dodging        | 1 |  1.1
Axes           | 2 |  2.3
Fighting       | |  3.2
Armour         | |  1.9
Invocations    | |  2.4

Action                   || total
-------------------------++-------
Melee: Hand axe          ||    40
  Use: Scroll            ||     2
Armor: Leather armour    ||     9
Dodge: Dodged            ||    24
